[Event "Orbis IM 2018"]
[Site "Paracin"]
[Date "2018.07.16"]
[Round "4"]
[White "Konaplev, Anton"]
[Black "Scott, Luke"]
[Result "1-0"]
[ECO "A05"]
[WhiteElo "2316"]
[BlackElo "1887"]
[Annotator "NA"]
[PlyCount "97"]
[EventDate "2018.??.??"]
[EventCountry "SRB"]
[SourceTitle "playchess.com"]
[Source "ChessBase"]
[SourceQuality "1"]
[TimeControl "40/5400+30:1800+30"]

1. Nf3 Nf6 2. c4 c5 3. a3 {A30: Englische Eröffnung (Symmetrische Variante)} (3. Nc3 Nc6 4. g3 d5 5. cxd5 Nxd5 6. Bg2 g6 7. O-O Bg7 8. Nxd5 Qxd5 9. d3 O-O 10. Be3 Bd7 11. Nd4 Qd6 12. Nxc6 Bxc6 13. Bxc6 Qxc6 14. Rc1 Qa6 15. Rxc5 b6 16. Rc2 Qxa2 17. b4 Qa4 18. Rc4 Qxd1 19. Rxd1 Rfc8 20. b5 Be5 {½-½ (35) So,W (2778)-Anand,V (2759) Paris 2018}) 3... Nc6 4. e3 d5 5. cxd5 Nxd5 6. d4 cxd4 $146 ({Vorgänger:} 6... e6 7. dxc5 Bxc5 8. Qc2 Bd6 9. Bd2 O-O 10. Bd3 h6 {½-½ (32) Krecak,Z (2320)-Stieger,H (2409) ICCF email 2011}) 7. Nxd4 Nxd4 8. Qxd4 Qc7 9. Bd2 Nb6 10. Nc3 e5 (10... a6 $14) 11. Qe4 a6 12. Rc1 Qd6 13. f4 f5 14. Qxe5+ Qxe5 15. fxe5 Be6 16. e4 Be7 (16... Rc8 $142) 17. exf5 Bxf5 18. Be2 (18. Be3 $18 Nd7 19. Nd5) 18... O-O 19. Bf3 Rae8 20. O-O Bc5+ 21. Kh1 Rxe5 22. Bxb7 Bd3 23. Rxf8+ Kxf8 24. Bf4 Rf5 25. g3 g5 26. Rd1 Bc2 27. Bd6+ Bxd6 28. Rxd6 Nc4 29. Re6 a5 30. Ne2 Nxb2 31. Nd4 Rf2 32. Re5 g4 33. Rxa5 Nc4 34. Ra8+ Ke7 35. Kg1 Rd2 36. Nxc2 Rxc2 37. Be4 Ra2 38. Bxh7 Ne3 39. Be4 Kf6 40. Ra5 Nc4 41. Rf5+ Ke6 42. Rc5 $16 Ne3 43. Ra5 Kd6 44. a4 Nc4 45. Rd5+ Ke7 46. Bd3 Rxa4 47. Rg5 Ra1+ 48. Kf2 Ra2+ 49. Be2 1-0

[Event "Orbis IM 2018"]
[Site "Paracin"]
[Date "2018.07.16"]
[Round "4"]
[White "Avalyan, Artur"]
[Black "Brankovic, Dejan"]
[Result "1-0"]
[ECO "E73"]
[WhiteElo "2315"]
[BlackElo "2377"]
[Annotator "NA"]
[PlyCount "65"]
[EventDate "2018.??.??"]
[EventCountry "SRB"]
[SourceTitle "playchess.com"]
[Source "ChessBase"]
[SourceQuality "1"]
[TimeControl "40/5400+30:1800+30"]

1. d4 Nf6 2. c4 g6 3. Nc3 Bg7 4. e4 d6 5. Be2 O-O 6. Be3 Na6 7. Nf3 e5 8. d5 Ng4 9. Bg5 f6 10. Bh4 h5 {[%emt 0:00:52] E92: King's Indian: Classical: 6 Be2 e5: 7 dxe5, 7 Be3 and Petrosian System without 7...Nbd7} 11. Nd2 c5 12. h3 (12. a3 Qd7 13. h3 Nh6 14. Qa4 Qe7 15. b4 Nf7 16. g4 hxg4 17. hxg4 Bh6 18. Qb3 {0-1 (79) Ponomariov,R (2744)-Jobava,B (2707) Kharkov 2010}) 12... Nh6 13. O-O $146 ({Predecessor:} 13. f3 Nf7 14. Bd3 Bh6 15. Qe2 Kg7 16. O-O-O Bd7 17. Rdf1 Rh8 18. Kb1 {½-½ (50) Pelletier,Y (2544)-Gallagher,J (2453) Switzerland 2018}) 13... g5 14. Bg3 g4 15. hxg4 hxg4 16. f3 (16. a3 $16) 16... f5 17. fxg4 f4 18. Bh2 $1 Qg5 19. Nf3 Qxg4 20. Nxe5 $1 Qg5 21. Nf3 Qh5 22. Qd2 Ng4 23. Bxf4 Bd7 24. Nh2 Bd4+ 25. Kh1 Rf6 26. Bxg4 Bxg4 27. e5 dxe5 28. Bg5 Rg6 (28... Bxc3 $142 29. Qxc3 (29. bxc3 Rg6 $14) 29... Rg6) 29. Ne4 Kh8 $2 (29... Kg7) 30. Rf7 Rag8 31. Bf6+ Rxf6 32. Nxf6 $18 Qxf7 33. Qh6+ 1-0

[Event "Orbis IM 2018"]
[Site "Paracin"]
[Date "2018.07.16"]
[Round "4"]
[White "Markovic, Milan D"]
[Black "Milanovic, Slavisa"]
[Result "1/2-1/2"]
[ECO "C01"]
[WhiteElo "2312"]
[BlackElo "2370"]
[Annotator "NA"]
[PlyCount "25"]
[EventDate "2018.??.??"]
[EventCountry "SRB"]
[SourceTitle "playchess.com"]
[Source "ChessBase"]
[SourceQuality "1"]
[TimeControl "40/5400+30:1800+30"]

1. e4 e6 2. d4 d5 3. exd5 exd5 4. Bf4 Bd6 5. Bxd6 Qxd6 6. c3 Bf5 7. Bd3 Bxd3 8. Qxd3 Nf6 9. Nf3 O-O 10. O-O $11 Nc6 11. Nbd2 Rfe8 12. Rfe1 a5 13. a4 1/2-1/2

[Event "Orbis IM 2018"]
[Site "Paracin"]
[Date "2018.07.16"]
[Round "4"]
[White "Ozenir, Ekin Baris"]
[Black "Sredojevic, Ivan"]
[Result "1-0"]
[ECO "A41"]
[WhiteElo "2300"]
[BlackElo "2298"]
[Annotator "NA"]
[PlyCount "115"]
[EventDate "2018.??.??"]
[EventCountry "SRB"]
[SourceTitle "playchess.com"]
[Source "ChessBase"]
[SourceQuality "1"]
[TimeControl "40/5400+30:1800+30"]

1. d4 d6 2. e4 {[%emt 0:00:57] Nf} Nf6 3. Bd3 g6 4. Nf3 Bg7 5. c3 O-O 6. O-O Nc6 7. Be3 e5 8. Nbd2 {[%emt 0:02:17] B07: Pirc Defence: Miscellaneous Systems} Ng4 9. Bg5 Bf6 $146 ({Predecessor:} 9... f6 10. Bh4 h5 11. Bg3 Nh6 12. h3 g5 13. Nc4 Ne7 14. dxe5 dxe5 15. h4 g4 {1-0 (38) Sanal,V (2469)-Shanava,K (2545) Mersin 2016}) 10. Bxf6 Nxf6 11. Re1 Bg4 12. h3 Bd7 13. Bf1 h6 14. Qb3 b6 15. Rad1 Re8 16. Qc2 a5 17. dxe5 Nxe5 18. Nd4 Qe7 19. g3 Rad8 20. Bg2 h5 21. f4 Nc6 22. Nxc6 Bxc6 23. b4 Ba8 24. Kh2 Nh7 25. bxa5 {[%emt 0:01:18] bxa} bxa5 26. Qd3 h4 27. g4 g5 28. Rf1 d5 29. e5 gxf4 30. Rde1 f6 {[%emt 0:08:11] [#]} (30... d4 $11) 31. e6 (31. Nf3 $1 $16) 31... Qd6 32. Nf3 Kh8 33. Qf5 d4 34. cxd4 Bd5 35. e7 Rxe7 36. Rxe7 Qxe7 37. Nxh4 Qe3 38. Rxf4 Bxg2 39. Nxg2 Qd2 40. Re4 Qg5 41. h4 Qxf5 42. gxf5 Rb8 (42... Kg8 $142 43. Nf4 c6) 43. Nf4 a4 44. Kg3 Nf8 $18 45. d5 Nd7 46. Rxa4 Ne5 47. h5 Kg7 48. Ra7 Kh6 49. Rxc7 Ra8 50. Rc2 Ra3+ 51. Kg2 Kg5 52. Ne6+ Kxh5 53. d6 Kg4 54. Nc5 Rg3+ 55. Kf1 Kxf5 56. Rf2+ Kg6 57. d7 Nc6 58. Ne4 1-0

[Event "Orbis IM 2018"]
[Site "Paracin"]
[Date "2018.07.16"]
[Round "4"]
[White "Bergsson, Stefan"]
[Black "Isha, Sharma"]
[Result "0-1"]
[ECO "C41"]
[WhiteElo "2192"]
[BlackElo "2062"]
[Annotator "NA"]
[PlyCount "64"]
[EventDate "2018.??.??"]
[EventCountry "SRB"]
[SourceTitle "playchess.com"]
[Source "ChessBase"]
[SourceQuality "1"]
[TimeControl "40/5400+30:1800+30"]

1. e4 d6 2. d4 Nf6 3. Nc3 e5 4. Nf3 Nbd7 5. Bc4 Be7 6. a4 O-O 7. O-O c6 8. Qe2 exd4 9. Nxd4 Ne5 {[%emt 0:00:45] C41: Philidor-Verteidigung} (9... Re8 10. Ba2 Bf8 11. Qf3 Nc5 12. Bg5 h6 13. Bxf6 Qxf6 14. Qxf6 gxf6 15. Rfe1 Bg7 16. a5 f5 17. Nxf5 Bxf5 18. exf5 d5 19. Kf1 {½-½ (32) Jerez Perez,A (2432)-Herraiz Hidalgo,H (2430) Barcelona 2018}) 10. Ba2 Re8 11. h3 Bf8 12. Bg5 $146 ({Vorgänger:} 12. Rd1 Ng6 13. Qd3 Qa5 14. Be3 Bd7 15. f4 Qb4 16. Bd2 Qc5 17. b4 {1-0 (39) Reschke,H-Bocksberger,S Germany 1995}) 12... h6 13. Bxf6 Qxf6 14. f4 Ng6 15. e5 Qd8 16. e6 Nh8 17. f5 d5 18. Rae1 Bc5 19. exf7+ Kxf7 20. Qh5+ Kf8 21. Rxe8+ Qxe8 22. Qh4 Qe3+ (22... Nf7 $17 23. Kh1 Qe5) 23. Kh1 Bxd4 24. Nxd5 cxd5 25. Qd8+ Qe8 26. Qxd5 Be5 27. Re1 Nf7 28. Qc5+ Qe7 29. Qc4 Qc7 30. Qg4 Bd7 31. Qg6 $19 Be8 32. Qh7 Rd8 0-1

[Event "Orbis IM 2018"]
[Site "Paracin"]
[Date "2018.07.17"]
[Round "5"]
[White "Milanovic, Slavisa"]
[Black "Bergsson, Stefan"]
[Result "1-0"]
[ECO "A30"]
[WhiteElo "2370"]
[BlackElo "2192"]
[Annotator "NA"]
[PlyCount "58"]
[EventDate "2018.??.??"]
[EventCountry "SRB"]
[SourceTitle "playchess.com"]
[Source "ChessBase"]
[SourceQuality "1"]
[TimeControl "40/5400+30:1800+30"]

1. c4 c5 2. Nf3 Nc6 3. d4 cxd4 4. Nxd4 Nf6 5. Nc3 Qb6 6. Nc2 e6 7. g3 d5 {[%emt 0:03:35] A33: Symmetrical English: 2 Nf3 Nf6 3 d4 cxd4 4 Nxd4 e6 5 Nc3 Nc6} 8. cxd5 (8. Bg2 dxc4 9. Ne3 Ne5 10. Nxc4 Nxc4 11. Qa4+ Bd7 12. Qxc4 Bc5 13. O-O Rc8 14. Qh4 Bc6 15. Bh6 gxh6 16. Qxf6 {½-½ (32) Dubov,D (2660)-Rodshtein,M (2698) Sochi 2017}) 8... exd5 9. Nxd5 Nxd5 10. Qxd5 Be6 11. Qe4 Bc5 $146 ({Predecessor:} 11... Bb4+ 12. Nxb4 Qxb4+ 13. Qxb4 Nxb4 14. Kd1 O-O 15. Bd2 {0-1 (22) Blees,A-Danner,G (2410) Caorle 1981}) 12. Be3 Qxb2 13. Bh3 Bxe3 14. Bxe6 Qc3+ 15. Kf1 fxe6 16. fxe3 O-O+ 17. Kg2 Rad8 18. Rhf1 e5 19. Rxf8+ Rxf8 20. Rd1 Na5 21. Rd7 Qc8 22. Qd5+ Kh8 23. Qd6 Nc4 24. Qc7 $11 Qe8 25. Re7 Qb5 26. Rxg7 Qd5+ 27. Kh3 Qe6+ 28. Rg4 Rg8 29. Qxc4 Qh6+ 1-0

[Event "Orbis IM 2018"]
[Site "Paracin"]
[Date "2018.07.17"]
[Round "5"]
[White "Sredojevic, Ivan"]
[Black "Avalyan, Artur"]
[Result "1/2-1/2"]
[ECO "C07"]
[WhiteElo "2298"]
[BlackElo "2315"]
[Annotator "ChessBase"]
[PlyCount "84"]
[EventDate "2018.??.??"]
[EventCountry "SRB"]
[SourceTitle "playchess.com"]
[Source "ChessBase"]
[SourceQuality "1"]
[TimeControl "40/5400+30:1800+30"]

1. e4 e6 2. d4 d5 3. Nd2 c5 4. Ngf3 Nf6 5. exd5 exd5 6. Bb5+ Bd7 7. Qe2+ Be7 8. dxc5 O-O 9. Bxd7 Nbxd7 10. O-O Nxc5 11. Nb3 Nce4 12. Be3 Re8 13. Rad1 Qc7 14. Nbd4 a6 15. Rfe1 Rad8 16. h3 Bf8 17. c3 Nd6 18. Qc2 Nfe4 19. Bf4 Qb6 20. Ng5 g6 21. Nxe4 Nxe4 22. Qb3 Qf6 23. Be3 b5 24. Nf3 Qc6 25. Bd4 a5 26. Ne5 Qb7 27. Ng4 Bg7 28. Bxg7 Kxg7 29. Ne3 Nf6 30. Rd4 Re4 31. Red1 Rxd4 32. Rxd4 Rd7 33. Qc2 Re7 34. Qd2 Re5 35. a4 Qc6 36. axb5 Qxb5 37. Rf4 Nd7 38. Ng4 Re6 39. Rd4 Nb6 40. c4 Nxc4 41. Qc3 f6 42. b3 Nd6 1/2-1/2

[Event "Orbis IM 2018"]
[Site "Paracin"]
[Date "2018.07.17"]
[Round "5"]
[White "Scott, Luke"]
[Black "Markovic, Milan D"]
[Result "1-0"]
[ECO "A52"]
[WhiteElo "1887"]
[BlackElo "2312"]
[Annotator "NA"]
[PlyCount "91"]
[EventDate "2018.??.??"]
[EventCountry "SRB"]
[SourceTitle "playchess.com"]
[Source "ChessBase"]
[SourceQuality "1"]
[TimeControl "40/5400+30:1800+30"]

1. d4 Nf6 2. c4 e5 3. dxe5 Ng4 4. a3 Nc6 5. Nf3 Bc5 6. e3 a5 7. Be2 O-O {[%emt 0:02:05] A52: Budapest Gambit} 8. Nbd2 Bxe3 $146 ({Predecessor:} 8... Re8 9. O-O Ngxe5 10. Nxe5 Nxe5 11. b3 d5 12. Bb2 dxc4 13. Nxc4 Nxc4 14. Bxc4 Qxd1 15. Rfxd1 Bg4 16. Rd5 Be7 17. Re5 Kf8 18. h3 Bd7 {0-1 (29) Hetey,L (2410)-Jugelt,T (2375) Poznan 1996}) 9. fxe3 Nxe3 10. Qb3 Nxg2+ 11. Kf2 a4 12. Qc3 Nf4 13. Re1 d6 14. exd6 Nh3+ 15. Kg2 Nf4+ 16. Kf2 Re8 17. dxc7 Qxc7 18. Nf1 Nh3+ 19. Kg2 Bg4 20. Bd2 Ne7 21. Ng1 Qc6+ 22. Bf3 Bxf3+ 23. Qxf3 Nxg1 24. Qxc6 Nxc6 25. Ne3 $2 (25. Rxe8+ $18 Rxe8 26. Kxg1) 25... Rad8 26. Rad1 Nd4 27. Rxg1 Nb3 28. Bc3 f6 29. Rxd8 Rxd8 30. Rd1 Re8 $18 31. Kf3 Nc5 32. Bb4 Ne6 33. h4 g5 34. Ng4 f5 35. Nf6+ Kf7 36. Nxe8 g4+ 37. Kf2 Kxe8 38. Re1 Kf7 39. Rxe6 Kxe6 40. Ke3 h5 41. Kf4 b6 42. Bc3 Kd6 43. Bd4 Kc6 44. Kxf5 b5 45. cxb5+ Kxb5 46. Be5 1-0

[Event "Orbis IM 2018"]
[Site "Paracin"]
[Date "2018.07.18"]
[Round "6"]
[White "Markovic, Milan D"]
[Black "Brankovic, Dejan"]
[Result "1/2-1/2"]
[ECO "B31"]
[WhiteElo "2312"]
[BlackElo "2377"]
[Annotator "NA"]
[PlyCount "34"]
[EventDate "2018.??.??"]
[EventCountry "SRB"]
[SourceTitle "playchess.com"]
[Source "ChessBase"]
[SourceQuality "1"]
[TimeControl "40/5400+30:1800+30"]

1. e4 c5 2. Nf3 Nc6 3. Bb5 g6 4. Bxc6 dxc6 {LiveBook: 2903 Partien} 5. d3 Bg7 6. Nc3 e5 7. Be3 Qe7 8. h3 Nf6 9. Qd2 O-O 10. Bh6 Nh5 {B31: Sicilian: 2...Nc6 3 Bb5 g6} (10... Bxh6 11. Qxh6 Nh5 12. O-O-O f6 13. g3 b5 14. Nh4 a5 15. f4 b4 16. Ne2 Ng7 17. g4 b3 18. cxb3 {1-0 (43) Iermito,S (2498)-Rodriguez Vila,A (2486) Buenos Aires 2017}) 11. Bxg7 Nxg7 12. O-O-O f6 13. g4 $146 ({Predecessor:} 13. Qh6 Ne6 14. Ne2 a5 15. g4 a4 16. Nh4 Qf7 17. Rdg1 b5 18. Rg3 {0-1 (32) Bakharev,V-Ambartsoumian,A (2355) Podolsk 1990}) 13... Ne6 14. Rdg1 Nd4 15. Nxd4 $1 cxd4 16. Ne2 c5 17. f4 exf4 $14 1/2-1/2

[Event "Orbis IM 2018"]
[Site "Paracin"]
[Date "2018.07.18"]
[Round "6"]
[White "Ozenir, Ekin Baris"]
[Black "Milanovic, Slavisa"]
[Result "1/2-1/2"]
[ECO "E43"]
[WhiteElo "2300"]
[BlackElo "2370"]
[Annotator "NA"]
[PlyCount "86"]
[EventDate "2018.??.??"]
[EventCountry "SRB"]
[SourceTitle "playchess.com"]
[Source "ChessBase"]
[SourceQuality "1"]
[TimeControl "40/5400+30:1800+30"]

1. d4 e6 2. c4 Nf6 3. Nc3 Bb4 4. e3 b6 5. Be2 Bb7 {[%emt 0:00:43] E43: Nimzo-Indian: Rubinstein: 4...b6} 6. Bf3 Qc8 (6... Ne4 7. Nge2 O-O 8. a3 Bxc3+ 9. Nxc3 f5 10. Bxe4 fxe4 11. Qg4 Qf6 12. O-O Qf5 13. Qxf5 Rxf5 {0-1 (66) Paehtz,E (2486)-Kosteniuk,A (2552) Erfurt 2017}) 7. Bd2 O-O 8. d5 $146 ({Predecessor:} 8. Nce2 Be7 9. h3 d5 10. cxd5 Nxd5 11. a3 c5 12. Nc3 Rd8 13. Nxd5 Bxd5 {½-½ (31) Ovcharenko,L (2294)-Ilyasov,A (2336) ICCF email 2014}) 8... exd5 9. Nxd5 Nxd5 10. cxd5 Bxd2+ 11. Qxd2 c5 12. Ne2 d6 13. O-O Nd7 14. Ng3 Qd8 15. Be2 Re8 16. e4 a6 17. a4 Rc8 18. b3 g6 19. Bc4 Qh4 20. f3 Ne5 21. Rad1 Re7 22. Qf2 Rb8 23. Kh1 Kf8 24. Qe2 b5 25. axb5 axb5 26. Bxb5 Bc8 27. Bc4 f5 28. Qf2 Ra7 29. exf5 gxf5 30. Qc2 Qf4 31. Ne2 Qh6 32. Qd2 Qxd2 33. Rxd2 Rb4 34. Rc2 Ra3 35. h3 Ba6 36. Bxa6 Rxa6 37. f4 Ng6 38. Rf3 Ra3 39. Rcc3 Re4 40. Rfe3 Rxe3 41. Rxe3 c4 42. Nd4 Ne7 43. Rf3 $11 cxb3 1/2-1/2

[Event "Orbis IM 2018"]
[Site "Paracin"]
[Date "2018.07.18"]
[Round "6"]
[White "Sredojevic, Ivan"]
[Black "Isha, Sharma"]
[Result "1-0"]
[ECO "A41"]
[WhiteElo "2298"]
[BlackElo "2062"]
[Annotator "NA"]
[PlyCount "83"]
[EventDate "2018.??.??"]
[EventCountry "SRB"]
[SourceTitle "playchess.com"]
[Source "ChessBase"]
[SourceQuality "1"]
[TimeControl "40/5400+30:1800+30"]

1. d4 d6 2. Nf3 Nf6 3. g3 {g} g6 {Bg} 4. Bg2 Bg7 5. O-O O-O 6. a4 c5 {A49: Königsindisch (ohne c2-c4)} (6... c6 7. Nc3 Nbd7 8. e4 e5 9. Re1 Re8 10. h3 Qc7 11. a5 Rb8 12. b3 b5 13. axb6 axb6 14. Ba3 Bf8 15. d5 Bb7 16. dxc6 Bxc6 17. Nd2 b5 18. Bb4 Ra8 19. Qe2 Qb6 {1-0 (69) Zhao,J (2604)-Adhiban,B (2655) Riadh 2017}) 7. c3 {a} a6 $146 ({Vorgänger:} 7... Nc6 8. Na3 cxd4 9. cxd4 Bf5 10. Nh4 Ne4 11. Nxf5 gxf5 12. e3 d5 13. f3 Nd6 14. Qb3 {1-0 (25) Granero Roca,A (2447)-Pena Riasco,A (2218) La Roda 2010}) 8. Na3 ({Besser ist} 8. dxc5 $16 dxc5 9. Qxd8 Rxd8 10. Be3) 8... cxd4 9. cxd4 d5 10. Ne5 Qb6 11. Nc2 Nc6 12. Nxc6 Qxc6 13. Bg5 Be6 14. e3 Qb6 15. Qd2 h6 16. Bxf6 Bxf6 17. Nb4 Qa5 18. Rfd1 Rfd8 19. Nd3 Qxd2 20. Rxd2 Bf5 21. Rc1 e6 22. Rc7 Rab8 23. Nc5 Rdc8 24. Rxc8+ {Rxc} Rxc8 25. a5 Bd8 26. b4 Rc7 27. f3 g5 $1 28. e4 Bg6 29. exd5 exd5 30. f4 gxf4 31. gxf4 Be7 ({Black should try} 31... Bh4 $14) 32. Bxd5 Bd6 33. Re2 Kf8 (33... Bf5 $16 34. Kf2 Kf8) 34. Kg2 Bxc5 35. dxc5 Rd7 36. Bf3 Bd3 37. Re5 $18 Bb5 38. Rd5 Rxd5 39. Bxd5 Bc6 40. Bxc6 bxc6 41. Kg3 Kg7 42. b5 1-0

[Event "Orbis IM 2018"]
[Site "Paracin"]
[Date "2018.07.18"]
[Round "6"]
[White "Bergsson, Stefan"]
[Black "Scott, Luke"]
[Result "1-0"]
[ECO "A25"]
[WhiteElo "2192"]
[BlackElo "1887"]
[Annotator "NA"]
[PlyCount "72"]
[EventDate "2018.??.??"]
[EventCountry "SRB"]
[SourceTitle "playchess.com"]
[Source "ChessBase"]
[SourceQuality "1"]
[TimeControl "40/5400+30:1800+30"]

1. c4 e5 2. Nc3 Nc6 3. g3 f5 4. Bg2 Nf6 5. d3 Bb4 6. Bd2 d6 7. a3 {[%emt 0:03:12] LiveBook: 7 Partien A25: Englische Eröffnung (Sizilianisch im Anzug)} (7. Nf3 O-O 8. O-O a5 9. Ne1 Be6 10. a3 Bc5 11. Nd5 Qd7 12. Nxf6+ Rxf6 13. b4 Bd4 14. Rb1 axb4 15. axb4 f4 16. Nf3 fxg3 17. hxg3 {0-1 (41) Kollars,D (2443)-Bachmann,A (2603) Rhodes 2015}) 7... Ba5 8. e3 a6 $146 ({Vorgänger:} 8... O-O 9. Nge2 Ne7 10. Nd5 Bxd2+ 11. Qxd2 c6 12. Nxf6+ Rxf6 13. f4 Be6 14. O-O Qc7 {1-0 (30) Richtrova,E (2188)-Korinkova,E (1792) Marianske Lazne 2016}) 9. Nge2 O-O 10. O-O Bb6 11. b4 Qe8 12. Nd5 Nxd5 13. Bxd5+ Kh8 14. Bg2 g5 15. Bc3 f4 16. exf4 gxf4 17. Nxf4 Bd4 18. Bxd4 Nxd4 19. Nd5 Qf7 20. f4 Qg7 21. fxe5 Bg4 22. Qb1 Qh6 (22... Rxf1+ $11 23. Qxf1 Rf8) 23. Ra2 Ne2+ 24. Rxe2 Bxe2 25. Rxf8+ Rxf8 26. Qb2 Bxd3 27. exd6+ Qg7 28. Qxg7+ Kxg7 29. dxc7 Bf5 30. Ne7 Bc8 31. c5 Kf6 $18 32. Nxc8 Rxc8 33. Bxb7 Rxc7 34. Bxa6 Ra7 35. b5 Ke6 36. b6 Kd5 1-0

[Event "Orbis IM 2018"]
[Site "Paracin"]
[Date "2018.07.18"]
[Round "7"]
[White "Milanovic, Slavisa"]
[Black "Sredojevic, Ivan"]
[Result "1/2-1/2"]
[ECO "A34"]
[WhiteElo "2370"]
[BlackElo "2298"]
[Annotator "NA"]
[PlyCount "25"]
[EventDate "2018.??.??"]
[EventCountry "SRB"]
[SourceTitle "playchess.com"]
[Source "ChessBase"]
[SourceQuality "1"]
[TimeControl "40/5400+30:1800+30"]

1. c4 Nf6 2. Nc3 c5 3. g3 d5 4. cxd5 Nxd5 5. Bg2 Nc7 6. Nf3 Nc6 7. O-O e5 8. d3 Be7 9. Nd2 Bd7 10. Nc4 f6 11. f4 exf4 12. Bxf4 O-O 13. Bxc6 1/2-1/2

[Event "Orbis IM 2018"]
[Site "Paracin"]
[Date "2018.07.18"]
[Round "7"]
[White "Konaplev, Anton"]
[Black "Markovic, Milan D"]
[Result "1-0"]
[ECO "A59"]
[WhiteElo "2316"]
[BlackElo "2312"]
[Annotator "NA"]
[PlyCount "49"]
[EventDate "2018.??.??"]
[EventCountry "SRB"]
[SourceTitle "playchess.com"]
[Source "ChessBase"]
[SourceQuality "1"]
[TimeControl "40/5400+30:1800+30"]

1. d4 Nf6 2. c4 c5 3. d5 b5 4. cxb5 a6 5. bxa6 g6 6. Nc3 Bxa6 7. e4 Bxf1 8. Kxf1 d6 9. Nf3 Bg7 10. g3 O-O 11. Kg2 Nbd7 12. a4 Qb6 13. Qc2 Rfb8 14. Ra3 e6 15. dxe6 fxe6 16. Nb5 Qc6 17. Nfd4 Qxe4+ 18. Qxe4 Nxe4 19. Nxe6 Ne5 20. Nec7 Nc4 21. Ra2 Rf8 22. f3 Ned2 23. Bxd2 Nxd2 24. Nxa8 Re8 25. b3 1-0

[Event "Orbis IM 2018"]
[Site "Paracin"]
[Date "2018.07.18"]
[Round "7"]
[White "Isha, Sharma"]
[Black "Avalyan, Artur"]
[Result "1/2-1/2"]
[ECO "C00"]
[WhiteElo "2062"]
[BlackElo "2315"]
[Annotator "NA"]
[PlyCount "49"]
[EventDate "2018.??.??"]
[EventCountry "SRB"]
[SourceTitle "playchess.com"]
[Source "ChessBase"]
[SourceQuality "1"]
[TimeControl "40/5400+30:1800+30"]

1. e4 e6 2. d3 d5 3. Nd2 Nf6 4. Ngf3 c5 5. g3 g6 6. Bg2 Bg7 7. O-O Nc6 8. Re1 O-O 9. c3 a5 10. Qe2 {[%emt 0:01:11] A08: Königsindisch im Anzug} (10. a4 b6 11. Nb1 Ba6 12. e5 Nd7 13. Bf4 f6 14. exf6 Qxf6 15. Qd2 e5 16. Bg5 Qxf3 17. Bxf3 Rxf3 {1-0 (34) Amin,B (2661)-Grandelius,N (2641) Baku 2016}) 10... b6 11. Nf1 dxe4 12. dxe4 Ba6 13. Qe3 Ng4 14. Qg5 Nge5 15. Qxd8 Raxd8 16. Bg5 $146 ({Vorgänger:} 16. Nxe5 Nxe5 17. Bg5 f6 {0-1 (36) Parle,H (2069)-Smirnov,A (2529) Gold Coast 2018}) 16... Rd7 17. Red1 Bd3 18. Ne1 Be2 19. Rxd7 Nxd7 20. Nd2 h6 $11 21. Be3 Nde5 22. h3 Rd8 23. Bf1 Bxf1 24. Kxf1 Nd7 25. a4 1/2-1/2

[Event "Orbis IM 2018"]
[Site "Paracin"]
[Date "2018.07.18"]
[Round "7"]
[White "Scott, Luke"]
[Black "Ozenir, Ekin Baris"]
[Result "0-1"]
[ECO "E46"]
[WhiteElo "1887"]
[BlackElo "2300"]
[Annotator "NA"]
[PlyCount "124"]
[EventDate "2018.??.??"]
[EventCountry "SRB"]
[SourceTitle "playchess.com"]
[Source "ChessBase"]
[SourceQuality "1"]
[TimeControl "40/5400+30:1800+30"]

1. d4 Nf6 2. c4 e6 3. Nc3 Bb4 4. e3 O-O 5. Nge2 d5 6. a3 Bd6 7. cxd5 exd5 8. Ng3 Re8 9. Bd3 c6 10. O-O Nbd7 11. b4 a6 12. Qc2 Nf8 13. Re1 Ne6 14. Bb2 g6 $11 15. Nf1 Qc7 16. f3 Bf8 17. Rad1 Bg7 18. Qb3 b6 19. Ng3 Bb7 20. Na4 Nd7 21. Bb1 Rad8 22. e4 dxe4 23. fxe4 b5 24. Nc5 Ndxc5 25. dxc5 Nd4 26. Qe3 Nc2 27. Bxc2 Bxb2 28. Bb3 Kg7 29. Kh1 f6 30. Ba2 Be5 31. Nf1 Bc8 32. g3 Bg4 33. Rxd8 Rxd8 34. Kg2 Qd7 35. Bb3 Qc8 36. Qc1 Rd3 37. Bd1 Bxd1 38. Rxd1 Qd7 39. Rxd3 Qxd3 40. Qe3 Qc2+ 41. Kf3 Qb1 42. Ke2 Bb2 43. Qf4 Qc2+ 44. Nd2 Bc3 45. Qc7+ Kh6 46. Qd6 Kh5 47. h3 Bxd2 48. Qxd2 Qxe4+ 49. Qe3 Qxe3+ 50. Kxe3 Kg5 51. Ke4 h5 52. Ke3 Kf5 53. Kf3 Ke5 54. Ke3 g5 55. Kd3 f5 56. Ke3 f4+ 57. gxf4+ gxf4+ 58. Kf3 Kf5 59. h4 Ke5 60. Ke2 Ke4 61. Kf2 f3 62. Ke1 Ke3 0-1

[Event "Orbis IM 2018"]
[Site "Paracin"]
[Date "2018.07.20"]
[Round "9"]
[White "Milanovic, Slavisa"]
[Black "Avalyan, Artur"]
[Result "1-0"]
[ECO "D37"]
[WhiteElo "2370"]
[BlackElo "2315"]
[Annotator "ChessBase"]
[PlyCount "61"]
[EventDate "2018.??.??"]
[EventCountry "SRB"]
[SourceTitle "playchess.com"]
[Source "ChessBase"]
[SourceQuality "1"]
[TimeControl "40/5400+30:1800+30"]

1. c4 e6 2. Nc3 d5 3. d4 Nf6 4. Nf3 Be7 5. Bf4 O-O 6. e3 b6 7. cxd5 Nxd5 8. Nxd5 exd5 9. Be2 c5 10. O-O Be6 11. b3 a6 12. Rc1 Nd7 13. h3 g5 14. Bh2 f5 15. Ne5 Nxe5 16. Bxe5 Qd7 17. Qd2 Bd6 18. Bxd6 Qxd6 19. Rfd1 Ra7 20. Qc3 cxd4 21. Qxd4 Rg7 22. Bxa6 g4 23. hxg4 Rxg4 24. f4 Bf7 25. Be2 Rg7 26. Bf3 Rd8 27. Rc2 Qg6 28. Rdc1 Be6 29. Rc6 Qg3 30. Rxe6 Qxf3 31. Qxg7+ 1-0

[Event "Orbis IM 2018"]
[Site "Paracin"]
[Date "2018.07.20"]
[Round "9"]
[White "Scott, Luke"]
[Black "Isha, Sharma"]
[Result "1/2-1/2"]
[ECO "A41"]
[WhiteElo "1887"]
[BlackElo "2062"]
[Annotator "NA RC"]
[PlyCount "101"]
[EventDate "2018.??.??"]
[EventCountry "SRB"]
[SourceTitle "playchess.com"]
[Source "ChessBase"]
[SourceQuality "1"]
[TimeControl "40/5400+30:1800+30"]

1. d4 d6 2. Nf3 Nf6 3. c4 g6 4. Nc3 Bf5 5. g3 Bg7 6. Bg2 Ne4 7. O-O Nxc3 8. bxc3 Be4 9. Qb3 {LiveBook: 4 Games} O-O 10. Ng5 $146 {E60: Königsindisch (ohne Sc3)} (10. Bh3 $11) ({Vorgänger:} 10. Nh4 Bxg2 11. Nxg2 b6 12. e4 Nc6 13. Ne3 Na5 14. Qc2 c5 15. Qd3 cxd4 16. cxd4 Rc8 17. Bd2 Nc6 {1-0 (43) Postny,E (2606)-Bortnyk,O (2570) Kishinev 2017}) 10... Bxg2 11. Kxg2 b6 12. e4 Nc6 13. f4 Na5 14. Qd1 Nxc4 15. f5 c5 16. fxg6 hxg6 17. Nxf7 Rxf7 18. Rxf7 Kxf7 19. Qf1+ Bf6 20. Qxc4+ Kg7 21. Be3 Qd7 22. Rf1 Rh8 23. h4 cxd4 24. cxd4 Rc8 25. Qd3 Qa4 26. Rf2 Rc4 27. e5 dxe5 28. dxe5 Qc6+ 29. Kh2 Bxe5 30. Bh6+ $1 Kxh6 31. Qe3+ Bf4 32. Rxf4 Rc3 (32... Qc5 $15 33. Qxc5 Rxc5) 33. Qxe7 Rc2+ 34. Kh3 Qc8+ 35. Rg4 Rc5 36. Qf7 Qf5 37. Qxf5 gxf5 38. Ra4 a5 39. Kg2 Rc3 40. Kf2 Kg7 41. Kg2 Kf6 42. Kf2 Ke5 43. Kg2 Rc7 44. Kf3 Ra7 45. h5 Kf6 46. Rh4 Kg5 47. h6 $11 Rh7 48. a4 Rxh6 49. Rxh6 Kxh6 50. Kf4 Kg6 51. g4 1/2-1/2